AoeStats
← Law the Furious

Hideout

510131097Analyzed
1v1 RM · 3d ago on Sep 29, 2026· 65m 5s· 2 players
Game mode
Random Map
Map size
Tiny (2 player)
Population
200
Speed
Normal
Resources
Standard
Victory
Conquest
Starting age
Dark Age
Ending age
Imperial Age
RankedLock teamsTeams togetherTeam positionsShared explorationLock speedFull tech treeHidden civsTurbo modeCheats
Victory
Defeat
🇭🇰 Saracens · Hong Kong SAR China
1179
+17
🇳🇴 Khmer · Norway
1210
-17
Law the Furious
9:17 Feudal Age
10:30 Double-Bit Axe
12:22 Fletching
12:43 Forging
21:58 Castle Age
20:58 Padded Archer Armor
20:46 Loom
22:40 Bodkin Arrow
22:54 Crossbowman
25:52 Bow Saw
29:22 Scale Barding Armor
33:53 Horse Collar
35:10 Bloodlines
37:41 Loom
38:32 Wheelbarrow
41:17 Imperial Age
40:34 Chain Barding Armor
41:17 Bloodlines
41:08 Husbandry
42:00 Forging
51:09 Chemistry
50:20 Masonry
52:31 Light Cavalry
63:38 Heavy Camel Rider
stighef
5:12 Loom
11:31 Feudal Age
14:55 Castle Age
14:24 Double-Bit Axe
18:02 Elite Skirmisher
20:08 Horse Collar
22:43 Fletching
26:36 Scale Mail Armor
28:37 Bodkin Arrow
36:01 Ballistics
36:33 Town Watch
45:27 Imperial Age
43:32 Bloodlines
44:20 Masonry
44:01 Light Cavalry
45:41 Capped Ram
47:39 Bracer
49:38 Conscription
50:36 Hoardings
50:58 Bow Saw
52:07 Scale Mail Armor
51:46 Pikeman
54:11 Chain Mail Armor
54:20 Guard Tower
55:39 Padded Archer Armor
56:39 Architecture
56:18 Scale Barding Armor
56:28 Halberdier
60:27 Devotion
60:42 Heavy Plow
61:29 Leather Archer Armor
63:49 Wheelbarrow
63:34 Hussar
Connection lost

Rejoining the realm…

Still unreachable

The connection could not be restored.

Session expired

The server has moved on; the page needs a fresh start.